cohdb
Replays
Latest Replays
All Replays
Popular Replays
Top Player Replays
Match Explorer
How It Works
Community
CoH3 Stats
Reddit
Sign in to upload your games and track your stats! →
Sign in with Steam
Match 42271678
Unlisted
Match 42271678
Overview
Messages
Build Orders
End
Construct Section Command Post
Selects Canadian Shock Battlegroup
Infantry Section
Infantry Section
Infantry Section
ML 3-inch Mortar Team
Selects Attacking Spirit
Construct Platoon Command Post
Construct Field Infirmary
Humber Armored Car
Selects Incendiary Munitions
Selects Canadian Shock Section
6-pounder Anti-tank Gun Team
Grenade Package
Sauzer88
سَۨفُـيٰانۨوٰس
0
0
Comments
sign in to comment!
No comments posted yet!